 Dungeon Crawl Stone Soup version 0.22-a0-183-g9e71ff9 (webtiles) character file.

86 sunny1234 the Caller (level 4, -7/26 HPs)
             Began as a Tengu Summoner on Feb 15, 2018.
             Killed from afar by howech's ghost (17 damage)
             ... with a stone arrow
             ... on level 3 of the Dungeon.
             The game lasted 00:07:08 (3522 turns).

sunny1234 the Caller (Tengu Summoner)               Turns: 3522, Time: 00:07:08

Health: -7/26      AC:  2    Str:  9    XL:     4   Next: 50%
Magic:  3/9        EV: 14    Int: 15    God:
Gold:   114        SH:  0    Dex: 19    Spells: 3/8 levels left

rFire    . . .     SeeInvis .   d - +0 club
rCold    . . .     Gourm    .   (no shield)
rNeg     . . .     Faith    .   a - +0 robe
rPois    .         Spirit   .   (helmet restricted)
rElec    .         Reflect  .   (no cloak)
rCorr    .         Harm     .   (no gloves)
MR       .....                  (boots unavailable)
Stlth    +.........             (no amulet)
HPRegen  0.08/turn              k - ring of loudness (curse)
MPRegen  0.11/turn              p - +4 ring of dexterity

@: no status effects
A: beak, talons 3
a: no special abilities


You were on level 3 of the Dungeon.
You were not hungry.

You visited 1 branch of the dungeon, and saw 3 of its levels.

You collected 114 gold pieces.

Inventory:

Hand Weapons
 d - a +0 club (weapon)
Armour
 a - a +0 robe (worn)
Jewellery
 k - a cursed ring of loudness (left hand)
 p - a +4 ring of dexterity (right hand)
Scrolls
 e - 2 scrolls of remove curse {unknown}
 f - a scroll of teleportation {unknown}
 g - a scroll of identify {unknown}
 j - a scroll of fog {unknown}
 q - a scroll of amnesia {unknown}
 r - a scroll of enchant weapon {unknown}
Potions
 h - a potion of degeneration {unknown}
 i - a potion of heal wounds {unknown}
 l - 2 potions of brilliance {unknown}
 m - 2 potions of curing {unknown}
 n - a potion of might {unknown}
Books
 b - a book of Callings

   Spells                             Type                      Level
   a - Summon Small Mammal            Summoning                    1
   b - Call Imp                       Summoning                    2
   c - Call Canine Familiar           Summoning                    3
   d - Summon Guardian Golem          Hexes/Summoning              3
   e - Summon Lightning Spire         Summoning/Air                4
   f - Summon Ice Beast               Ice/Summoning                4
Comestibles
 c - 4 rations
 o - 2 chunks of flesh


   Skills:
 + Level 1.6 Fighting
 + Level 3.1 Dodging
 - Level 2.0 Stealth
 + Level 2.7 Spellcasting
 + Level 5.4 Summonings
 * Level 0.6 Air Magic


You had 3 spell levels left.
You knew the following spells:

 Your Spells              Type           Power        Failure   Level  Hunger
a - Summon Small Mammal   Summ           ###.         2%          1    #......
b - Summon Lightning Spi  Summ/Air       ##......     52%         4    #####..


Dungeon Overview and Level Annotations

Branches:
Dungeon (3/15)

Altars:

Annotations:
D:3 howech's ghost, amateur GnEE


Innate Abilities, Weirdness & Mutations

You have a beak for a mouth.
You have claws for feet.


Message History

The stone arrow hits your quokka.
Your quokka dies!
Your quokka's corpse disappears in a puff of smoke!
Your lightning spire shoots out a bolt of lightning at howech's ghost!
The bolt of electricity hits your quokka.
Your quokka dies!
Your quokka's corpse disappears in a puff of smoke!
Unknown command.
Your quokka misses howech's ghost. You closely miss howech's ghost.
Your kick misses howech's ghost.
Howech's ghost is heavily damaged.
Howech's ghost gestures at you while chanting.
The stone arrow hits you!
Your quokka completely misses howech's ghost.
Your quokka misses howech's ghost. Howech's ghost hits you.
Your quokka closely misses howech's ghost.
Howech's ghost casts a spell at you. The stone arrow hits you!
Ouch! That really hurt!
You die...

#........# #.###
#.######.# ####.##.
#<# #.# #....... #.#
#.####....... #.#
#............ #.#
######.....#.
#.######## #.....##
###....Wr.8####......#
#....@...............#
#)########.#####.....#
#.# #.# ##....# #.#
#.# ####.# #.# #.# #.#
#.# #.# #.#
#####.########.# #.#
#..............# #.#
#.####.######### #.#


You could see howech's ghost, a friendly lightning spire and a friendly quokka.

Vanquished Creatures
  2 adders
  A dart slug (D:1)
  A leopard gecko (D:1)
  An orc (D:3)
  A ball python (D:3)
  3 bats (D:1)
  4 giant cockroaches
  7 goblins
  7 hobgoblins
  4 jackals
  8 kobolds
  A quokka (D:2)
  2 frilled lizards
  5 rats
47 creatures vanquished.

Vanquished Creatures (collateral kills)
  A worm (D:3)
  A dart slug (D:1)
  A leopard gecko (D:2)
  An orc (D:3)
  2 bats (D:1)
  2 goblins
  A hobgoblin (D:1)
  2 jackals (D:2)
  A quokka (D:2)
  2 kobolds
  A rat (D:2)
15 creatures vanquished.

Grand Total: 62 creatures vanquished

Notes
Turn   | Place    | Note
-------+----------+-------------------------------------------
     0 | D:1      | sunny1234 the Tengu Summoner began the quest for the Orb.
     0 | D:1      | Reached XP level 1. HP: 10/10 MP: 4/4
   301 | D:1      | Reached XP level 2. HP: 10/16 MP: 1/6
   330 | D:1      | Reached skill level 5 in Summonings
   757 | D:1      | Reached skill level 1 in Fighting
   832 | D:1      | Reached XP level 3. HP: 9/20 MP: 2/7
  2326 | D:2      | Reached XP level 4. HP: 24/25 MP: 8/8
  2884 | D:3      | Noticed howech's ghost (amateur GnEE)
  3180 | D:2      | Learned a level 4 spell: Summon Lightning Spire
  3522 | D:3      | Killed from afar by howech's ghost

Vault maps used:
D:1:      minmay_arrival_up_and_down, grunt_decor_one_mirror
D:3:      kennysheep_goblin_castle, first_ration

Skill      XL: |  1  2  3 |
---------------+----------+-----
Summonings     | 5 |  5.4
Fighting       | 1 |  1.6
Dodging        | 3 |  3.1
Stealth        | |  2.0
Spellcasting   | |  2.7
Air Magic      | |  0.6

Action                   |  1- 3 |  4- 6 || total
-------------------------+-------+-------++-------
Melee: Unarmed           |    13 |       ||    13
       Kick              |    27 |    14 ||    41
       Peck              |    12 |     7 ||    19
       Club              |   106 |    31 ||   137
 Cast: Summon Small Mamm |    64 |    27 ||    91
       Summon Lightning  |       |     1 ||     1
 Stab: Sleeping          |     6 |       ||     6
  Eat: Chunk             |     5 |     3 ||     8
       Ration            |       |     1 ||     1
Armor: Robe              |    21 |     3 ||    24
Dodge: Dodged            |    77 |    31 ||   108

Table legend:
 A = Spawn XP
 B = Non-spawn XP
 C = Spawn XP percentage of total XP
 D = Spawn monster count
 E = Non-spawn monster count
 F = Spawn count percentage of total count
 G = Total turns spent on level
                    A         B        C        D         E        F      G
               +---------+---------+-------+---------+---------+-------+---------
         Total |       0 |     124 |   0.0 |       0 |      62 |   0.0 |  3522
               +---------+---------+-------+---------+---------+-------+---------
           D:1 |       0 |      45 |   0.0 |       0 |      29 |   0.0 |  1286
           D:2 |       0 |      51 |   0.0 |       0 |      26 |   0.0 |  1862
           D:3 |       0 |      28 |   0.0 |       0 |       7 |   0.0 |   374
               +---------+---------+-------+---------+---------+-------+---------
